 Dungeon Crawl Stone Soup version 0.28-a0-925-gd5e1996cdb (webtiles) character file.

Game seed: 14945595648649429931

343 croobank the Insei (level 6, 0/39 HPs)
             Began as an Octopode Transmuter on Nov 27, 2021.
             Slain by Blork the orc (3 damage)
             ... on level 4 of the Dungeon.
             The game lasted 00:22:08 (5551 turns).

croobank the Insei (Octopode Transmuter)            Turns: 5551, Time: 00:22:08

Health: 0/39       AC:  1    Str: 11    XL:     6   Next: 57%
Magic:  9/10       EV: 13    Int: 15    God:
Gold:   168        SH:  0    Dex: 13    Spells: 1/11 levels left

rFire   . . .      SeeInvis .   a - +6 short sword
rCold   . . .      Faith    .   (no shield)
rNeg    . . .      Spirit   .   (helmet currently unavailable)
rPois   .          Reflect  .   (no amulet)
rElec   .          Harm     .   e - ring of wizardry
rCorr   .          Rampage  .   (no ring)
Will    .....                   (no ring)
Stlth   +++.......              (no ring)
HPRegen 0.13/turn               (no ring)
MPRegen 0.12/turn               (no ring)
                                (no ring)
                                (no ring)

@: about to teleport, appendages (expiring)
A: tentacle spike 3, almost no armour, amphibious, 8 rings, camouflage 1,
gelatinous body 1, (nimble swimmer 1), tentacles
a: End Transformation


You were on level 4 of the Dungeon.
One of your tentacles had grown a beastly spike.
You visited 1 branch of the dungeon, and saw 4 of its levels.

You collected 168 gold pieces.

Inventory:

Hand Weapons
 a - a +6 short sword (weapon)
 b - a +0 hand crossbow
 c - a +0 dagger
 g - a +0 short sword
 j - a +0 war axe
 n - a +0 hand axe
 o - a +0 mace
 r - a +0 flail
 s - a +0 long sword
 u - a +0 whip
Missiles
 d - 5 atropa-tipped darts
 f - 23 sling bullets
 h - 83 stones
 k - 22 poisoned darts
 v - 12 bolts
Jewellery
 e - a ring of wizardry (left tentacle)
Scrolls
 i - 3 scrolls of magic mapping
 l - a scroll of teleportation
 q - a scroll of amnesia
Potions
 m - a potion of curing
 p - a potion of ambrosia


   Skills:
 + Level 2.1 Fighting
 * Level 1.0 Short Blades
 - Level 2.0 Maces & Flails
 + Level 2.9 Dodging
 + Level 3.2 Stealth
 + Level 3.3 Unarmed Combat
 + Level 3.2 Spellcasting
 + Level 3.2 Transmutations
 * Level 0.9 Ice Magic


You had one spell level left.
You knew the following spells:

 Your Spells              Type           Power      Damage    Failure   Level
a - Beastly Appendage     Tmut           24%        N/A       1%          1
b - Wereblood             Tmut           12%        N/A       3%          2
c - Spider Form           Tmut/Pois      7%         N/A       12%         3
d - Ice Form              Ice/Tmut       8%         N/A       32%         4

Your spell library contained the following spells:

 Spells                   Type           Power      Damage    Failure   Level
 Ozocubu's Armour         Ice            5%         N/A       16%         3
 Metabolic Englaciation   Hex/Ice        1%         N/A       85%         5
 Simulacrum               Ice/Necr       1%         N/A       100%        6


Dungeon Overview and Level Annotations

Branches:
Dungeon (4/15)
 Temple: D:4-7

Altars:
Makhleb

Shops:
D:1 :

Annotations:
D:4 Blork the orc, Eustachio


Innate Abilities, Weirdness & Mutations

One of your tentacles has grown a beastly spike.
You cannot wear most types of armour.
You are amphibious.
You can wear up to eight rings at the same time.
Your skin changes colour to match your surroundings (Stealth+).
Your rubbery body absorbs attacks. (AC +1, EV +1)
((You are camouflaged near water. (Stealth+)))
You have tentacles for arms and can constrict up to eight enemies at once.


Message History

Found a stone staircase leading down.
Blork the orc shouts!
You see here 9 arrows.
Your tentacle spike disappears.
Press: ? - help, v - describe, . - travel The floor.
Blork the orc gestures at you while chanting.
The magic dart hits you!
You howl as the wereblood boils in your veins!
Your primal bloodlust is almost over.
Things that are here:
a +0 dagger; a +0 leather armour; a +0 club
Okay, then.
As you read the scroll labelled PIX TATHRIB, it crumbles to dust.
It is a scroll of enchant weapon.
Your +5 short sword glows red for a moment.
Casting: Wereblood (safe; 3% risk of failure)
Confirm with . or Enter, or press ? or * to list all spells.
One of your tentacles grows a vicious spike.
Blork the orc points at you and mumbles some strange words.
The puff of flame hits you!
Your transformation is almost over.
Blork the orc mumbles some strange words.
Blork the orc seems to speed up.
You hit Blork the orc. You grab Blork the orc.
Blork the orc is lightly wounded.
Your primal bloodlust has ended.
You constrict Blork the orc. Blork the orc barely misses you.
Blork the orc hits you with a +1 short sword of freezing.
Blork the orc freezes you.
As you read the scroll of teleportation, it crumbles to dust.
You feel strangely unstable.
You constrict Blork the orc, but do no damage.
Blork the orc hits you with a +1 short sword of freezing!
* * * LOW HITPOINT WARNING * * *
Blork the orc freezes you.
* * * LOW HITPOINT WARNING * * *
You release your grip on Blork the orc.
Blork the orc hits you with a +1 short sword of freezing.
You die...

.............# ###'#.
.............###### ####.....
.>......(.......... .........
.............#############.....
#######..[.#.###...............
#....#...#.##############
#....###)#.# #....#
#o#.#####.### ########....#
#@#..†....... #...........#
#.#..####.### #...........#
#.#..#.. ... #...........#
#.#..#.##.# # . ##.........#.#
#.#..#....#.# .. ##.........#.#
#.#..#......# ##.........#.#
#)#..#...#.... ##.........#.#
#.#...........
##.....†...#.###.##.#..#####.


You could see Blork the orc (fast).

Vanquished Creatures
  A scorpion (D:4)
  A hound (D:4)
  An orc priest (D:4)
  Natasha (thrice) (D:3)
  An orc wizard (D:3)
  5 adders
  3 dart slugs
  8 orcs
  4 endoplasms
  3 giant cockroaches
  6 goblins
  5 hobgoblins
  9 jackals
  3 kobolds
  3 quokkas
  4 ball pythons
  6 bats
  3 frilled lizards
69 creatures vanquished.

Notes
Turn   | Place    | Note
-------+----------+-------------------------------------------
     0 | D:1      | croobank the Octopode Transmuter began the quest for the
                  | Orb.
     0 | D:1      | Reached XP level 1. HP: 13/13 MP: 3/3
    54 | D:1      | Found Dairen's Book Shop.
   118 | D:1      | Reached XP level 2. HP: 3/18 MP: 3/5
   225 | D:1      | Found a faded altar of an unknown god.
   722 | D:1      | Reached XP level 3. HP: 20/23 MP: 3/6
  1731 | D:2      | HP: 1/23 [goblin (3)]
  2496 | D:2      | Reached skill level 1 in Stealth
  2629 | D:2      | Reached XP level 4. HP: 25/28 MP: 5/7
  2843 | D:3      | Noticed Natasha
  2852 | D:3      | Killed Natasha
  3050 | D:3      | Learned a level 2 spell: Wereblood
  3054 | D:3      | Learned a level 3 spell: Spider Form
  3269 | D:3      | Noticed Natasha
  3275 | D:3      | Killed Natasha
  3276 | D:3      | Reached XP level 5. HP: 12/34 MP: 6/9
  3697 | D:3      | Noticed Natasha
  3710 | D:3      | Killed Natasha
  3711 | D:3      | Reached skill level 1 in Maces & Flails
  4436 | D:4      | Noticed Eustachio
  4716 | D:4      | Found a burning altar of Makhleb.
  4776 | D:4      | Reached XP level 6. HP: 17/39 MP: 10/10
  5080 | D:4      | Learned a level 4 spell: Ice Form
  5530 | D:4      | Reached skill level 1 in Short Blades
  5534 | D:4      | Noticed Blork the orc
  5551 | D:4      | Slain by Blork the orc

Illustrated notes

Levels and vault maps discovered:
D:1:      lemuel_arrival_river_bridge, layout_basic, serial_shops,
          nicolae_shop_behind_doors, hellmonk_ecumenical_altar_dog_temple,
          minmay_distorted
D:2:      layout_loops_cross, hangedman_decor_points, patterned_corridor
D:3:      layout_basic, uniq_natasha
D:4:      minmay_chambers_of_threes, layout_basic,
          mainiacjoe_overflow_large_starburst, kennysheep_mini, uniq_grinder,
          uniq_eustachio, uniq_blork_the_orc

Skill      XL: |  1  2  3  4  5  6 |
---------------+-------------------+-----
Stealth        | 1 2 3 |  3.2
Maces & Flails | 2 |  2.0
Fighting       | 2 |  2.1
Spellcasting   | 3 |  3.2
Transmutations | 3 |  3.2
Short Blades   | 1 |  1.0
Dodging        | |  2.9
Unarmed Combat | |  3.3
Ice Magic      | |  0.9

Action                   |  1- 3 |  4- 6 || total
-------------------------+-------+-------++-------
Melee: Unarmed           |    21 |       ||    21
       Kick              |    11 |    32 ||    43
       Constrict         |    16 |    26 ||    42
       Tentacles         |    11 |    14 ||    25
       Dagger            |    16 |       ||    16
       Short sword       |    32 |    24 ||    56
       Mace              |       |    72 ||    72
 Cast: Beastly Appendage |    18 |    30 ||    48
       Wereblood         |       |     1 ||     1
  Use: Scroll            |     3 |     6 ||     9
       Potion            |     3 |     4 ||     7
 Stab: Sleeping          |     5 |     6 ||    11
Armor: Skin              |     2 |     6 ||     8
Dodge: Dodged            |    47 |    54 ||   101

Table legend: (Time is in decaauts)
 A = Elapsed time spent in this place.
 B = Non-inter-level travel time spent in this place.
 C = Inter-level travel time spent in this place.
 D = Time resting spent in this place.
 E = Time spent auto-exploring this place.
 F = Levels seen in this place.
 G = Mean time per level.
                   A        B        C        D        E       F      G
               +--------+--------+--------+--------+--------+-----+--------+
         Total |   5582 |   5501 |     81 |   1921 |   2587 |   4 | 1395.5 |
       Dungeon |   5582 |   5501 |     81 |   1921 |   2587 |   4 | 1395.5 |
               +--------+--------+--------+--------+--------+-----+--------+

Top non-repeatable levels by time:
     D:3: 1630 daAuts
     D:1: 1467 daAuts
     D:2: 1359 daAuts
     D:4: 1124 daAuts
